 Dungeon Crawl Stone Soup version 0.17-a0-1295-gefc790a (webtiles) character file.

1855 MonkeyBuisness the Covered (level 9, -6/56 HPs)
             Began as a Gargoyle Fighter on June 7, 2015.
             Was an Initiate of Okawaru.
             Engulfed by a cloud of freezing vapour (8 damage)
             ... on level 6 of the Dungeon.
             The game lasted 00:18:09 (7221 turns).

MonkeyBuisness the Covered (Gargoyle Fighter)       Turns: 7221, Time: 00:18:10

Health: -6/56      AC: 18    Str: 24    XL:     9   Next: 12%
Magic:  9/9        EV:  9    Int:  8    God:    Okawaru [......]
Gold:   396        SH:  9    Dex:  8    Spells: 0 memorised, 8 levels left

rFire  . . .     SeeInvis .     x - +1 flail (crush)
rCold  + . .     Clarity  .     b - +0 scale mail
rNeg   + . .     SustAt   .     c - +0 shield
rPois  ∞         Gourm    .     k - +2 hat
rElec  +         Spirit   .     d - +1 cloak
rCorr  .         Warding  .     (no gloves)
rMut   .         Stasis   .     (no boots)
MR     .....                    (no amulet)
Stlth  ..........               (no ring)
                                (no ring)

@: not resistant to hostile enchantments, extremely unstealthy
A: rough black scales 1, cold resistance 1, deformed body, negative energy
resistance 1, electricity resistance, unbreathing, petrification resistance, rot
immunity, AC +5
a: Renounce Religion


You were on level 6 of the Dungeon.
You worshipped Okawaru.
Okawaru was noncommittal.
You were not hungry.

You visited 2 branches of the dungeon, and saw 7 of its levels.

You collected 396 gold pieces.

Inventory:

Hand weapons
 t - a +0 whip of freezing
   (You found it on level 4 of the Dungeon)
 x - a +1 flail of crushing (weapon)
   (You took it off Edmund on level 5 of the Dungeon)
Armour
 b - a +0 scale mail (worn)
 c - a +0 shield (worn)
 d - a +1 cloak (worn)
   (You took it off Crazy Yiuf on level 2 of the Dungeon)
 k - a +2 hat (worn)
   (You found it on level 1 of the Dungeon)
Jewellery
 f - an uncursed amulet of the gourmand {unknown}
   (You found it on level 3 of the Dungeon)
 r - a +3 ring of strength {unknown}
   (You found it on level 2 of the Dungeon)
Scrolls
 g - a scroll of noise {unknown}
 i - 7 scrolls of identify {unknown}
 l - 2 scrolls of random uselessness {unknown}
 m - a scroll of amnesia {unknown}
 n - a scroll of blinking {unknown}
 o - 4 scrolls of remove curse {unknown}
 s - a scroll of teleportation {unknown}
 v - 2 scrolls of immolation {unknown}
 y - a scroll of fear {unknown}
 z - 2 scrolls of holy word {unknown}
Potions
 h - 2 potions of mutation {!q}
 j - 3 potions of heal wounds
 q - 2 potions of curing
 u - a potion of might
 w - a potion of degeneration {unknown}
Comestibles
 a - a slice of pizza
 e - a bread ration {@e1}
 A - a meat ration {@e2}


   Skills:
 + Level 6.9 Fighting
 + Level 5.9 Maces & Flails
 + Level 7.1 Armour
 + Level 4.4 Dodging
 - Level 4.1 Shields


You had 8 spell levels left.
You didn't know any spells.

Dungeon Overview and Level Annotations

Branches:
Dungeon (6/15)             Temple (1/1) D:4

Altars:
Dithmenos
Elyvilon
Fedhas
Gozag
Nemelex Xobeh
Okawaru
Qazlal
Ru
Sif Muna
Trog
Vehumet
Xom
Zin
The Shining One


Innate Abilities, Weirdness & Mutations

You are resistant to torment.
Your stone body is resilient (AC +5).
You are immune to poison.
You resist negative energy.
You are resistant to electric shocks.
You can survive without breathing.
You are immune to petrification.
You are immune to rotting.
You are partially covered in rough black scales (AC +4, Dex -1).
Your flesh is cold resistant.
Armour fits poorly on your strangely shaped body.


Message History

You see here a robe.
Found a stone staircase leading down.
You now have 386 gold pieces (gained 9).
You now have 390 gold pieces (gained 4).
An ogre comes into view. It is wielding a giant spiked club.
The ogre shouts!
An ogre is nearby!
Health restored: 56 You hit the ogre.
You block the ogre's attack.
You hit the ogre.
The ogre hits you with a giant spiked club.
You take 6 damage, and have 50/56 hp.
You completely miss the ogre. You block the ogre's attack.
You thump the ogre! You hit the ogre.
You kill the ogre!
Okawaru accepts your kill.
No target in view!
Things that are here:
a giant spiked club; an ogre corpse
There is a stone staircase leading up here.
You see here a hunting sling.
You see here an adder corpse.
You see here 12 poisoned needles.
You now have 396 gold pieces (gained 6).
You see here 12 poisoned needles.
o - 4 scrolls labeled QASINTEXZA (gained 1)
You see here 9 bolts of frost.
You see here 9 bolts of frost.
Things that are here:
a scale mail; a short sword
There is a stone staircase leading up here.
You see here 14 stones.
You see here a blowgun.
Partly explored, can't reach some items and places.
Health restored: 56 Really walk into a travel-excluded area?
Really walk into a travel-excluded area? [Y]es or [N]o only, please.
Really walk into a travel-excluded area?
Really walk into a travel-excluded area? [Y]es or [N]o only, please.
Really walk into a travel-excluded area?
You are engulfed in roaring flames.
You take 19 damage, and have 37/56 hp.
MASSIVE DAMAGE!!
You start resting.
You're standing in a cloud of flame!
You start resting.
Health restored: 56 You see here 12 poisoned needles.
You see here 12 poisoned needles.
Really walk into a travel-excluded area?
Really walk into a travel-excluded area? [Y]es or [N]o only, please.
Really walk into a travel-excluded area? [Y]es or [N]o only, please.
Really walk into a travel-excluded area?
q - 2 potions of curing (gained 1) Really walk into a travel-excluded area?
You open the door.
Really walk into a travel-excluded area?
There is an open door here.
You are engulfed in freezing vapours.
You resist.
You take 10 damage, and have 46/56 hp.
You are engulfed in freezing vapours.
You resist.
You take 3 damage, and have 43/56 hp.
You are engulfed in freezing vapours.
You resist.
You take 11 damage, and have 32/56 hp.
You are engulfed in freezing vapours.
You resist.
You take 10 damage, and have 22/56 hp.
You are engulfed in freezing vapours.
You resist.
You take 3 damage, and have 19/56 hp.
You are engulfed in freezing vapours.
You resist.
* * * LOW HITPOINT WARNING * * *
You take 11 damage, and have 9/56 hp.
You start resting.
Health restored: 56 Really walk into a travel-excluded area?
Really walk into that cloud of freezing vapour?
You are engulfed in freezing vapours.
You resist.
You take 9 damage, and have 47/56 hp.
You are engulfed in freezing vapours.
You resist.
You take 9 damage, and have 38/56 hp.
You are engulfed in freezing vapours.
You resist.
You take 10 damage, and have 28/56 hp.
Really walk into that cloud of freezing vapour?
Okay, then.
You are engulfed in freezing vapours.
You resist.
You take 7 damage, and have 22/56 hp.
You start resting.
You are engulfed in freezing vapours.
You resist.
You are engulfed in freezing vapours.
You resist.
* * * LOW HITPOINT WARNING * * *
You take 9 damage, and have 13/56 hp.
You are engulfed in freezing vapours.
You resist.
* * * LOW HITPOINT WARNING * * *
You take 11 damage, and have 2/56 hp.
You are engulfed in freezing vapours.
You resist.
You die...

# #.# ###.###.... # #.# #........
# #.# #### ##....... #
#.############..## #....... #
#.##.............###.......
#######.##.#####################.
##......<#.#§§§§§§§§§§§§§§§$$$$#.
#.......)..#.###################.
#.........##.§§§@§§§§§§§§§§§...#.
##.........#################8'8#.
#######.#........................
.................................
#######.##...##...>##..########..
# #.##...#####..#...# ##..... #
###.###.## ##...>.# #..##.. #
##.......# #####.[.# #.##...
####..#.###.### #.......###.##.#.


There were no monsters in sight!

Vanquished Creatures
  Grinder (D:4)
  The ghost of MonkeyBuisness the Skirmisher, an average GrFi (D:4)
  Edmund (D:5)
  An ice beast (D:5)
  2 sky beasts
  An ogre (D:6)
  2 phantoms
  A scorpion (D:5)
  A wyvern skeleton (D:6)
  An orc priest (D:6)
  A centaur skeleton (D:4)
  8 hounds
  Crazy Yiuf (D:2)
  Jessica (D:2)
  Natasha (thrice) (D:2)
  6 orc wizards
  A worker ant (D:6)
  A hound zombie (D:6)
  Robin (D:2)
  6 adders
  An ooze (D:5)
  An adder skeleton (D:6)
  4 worms
  4 giant geckos
  13 orcs
  14 bats
  3 giant cockroaches
  19 goblins
  7 hobgoblins
  2 ball pythons
  A giant gecko zombie (D:5)
  3 giant newts
  5 jackals
  11 kobolds
  2 quokkas
  2 quokka skeletons
  8 rats
141 creatures vanquished.

Vanquished Creatures (others)
  Prince Ribbit (D:6)
  A giant frog (D:6)
2 creatures vanquished.

Grand Total: 143 creatures vanquished

Notes
Turn   | Place    | Note
--------------------------------------------------------------
     0 | D:1      | MonkeyBuisness the Gargoyle Fighter began the quest for the Orb.
     0 | D:1      | Reached XP level 1. HP: 14/14 MP: 1/1
   163 | D:1      | Reached XP level 2. HP: 16/19 MP: 2/2
   567 | D:2      | Reached XP level 3. HP: 23/23 MP: 3/3
   707 | D:2      | Reached skill level 1 in Dodging
   759 | D:2      | Noticed Natasha
   766 | D:2      | Killed Natasha
   766 | D:2      | Reached skill level 4 in Shields
   766 | D:2      | Reached XP level 4. HP: 25/28 MP: 4/4
   774 | D:2      | Noticed Natasha
   778 | D:2      | Killed Natasha
   907 | D:2      | Noticed Jessica
   928 | D:2      | Killed Jessica
  1020 | D:2      | Noticed Natasha
  1025 | D:2      | Killed Natasha
  1058 | D:2      | Noticed Crazy Yiuf
  1063 | D:2      | Killed Crazy Yiuf
  1063 | D:2      | Reached skill level 3 in Maces & Flails
  1063 | D:2      | Reached XP level 5. HP: 27/33 MP: 5/5
  1348 | D:3      | Noticed Robin
  1386 | D:2      | Reached skill level 4 in Armour
  1405 | D:2      | HP: 7/33 [Robin/trident (6)]
  1406 | D:2      | Gained mutation: Armour fits poorly on your strangely shaped body. [potion of mutation]
  1406 | D:2      | Gained mutation: You are partially covered in rough black scales (AC +4, Dex -1). [potion of mutation]
  1406 | D:2      | Gained mutation: Your flesh is cold resistant. [potion of mutation]
  1407 | D:2      | HP: 3/33 [goblin/hunting sling[Robin] (4)]
  1423 | D:3      | HP: 5/33 [worm (6)]
  1424 | D:3      | HP: 1/33 [worm (4)]
  1764 | D:2      | Killed Robin
  1764 | D:2      | Reached skill level 4 in Fighting
  2169 | D:3      | Found a shadowy altar of Dithmenos.
  2171 | D:3      | Reached skill level 2 in Dodging
  2635 | D:4      | Reached XP level 6. HP: 35/38 MP: 6/6
  2688 | D:4      | Noticed MonkeyBuisness's ghost (average GrFi)
  2752 | D:4      | HP: 4/38 [MonkeyBuisness's ghost (8)]
  2763 | D:4      | Killed MonkeyBuisness's ghost
  3385 | D:4      | Noticed Grinder
  3392 | D:4      | Paralysed by Grinder for 7 turns
  3415 | D:4      | Killed Grinder
  3415 | D:4      | Reached skill level 5 in Fighting
  3415 | D:4      | Reached skill level 4 in Maces & Flails
  3415 | D:4      | Reached skill level 5 in Armour
  3415 | D:4      | Reached XP level 7. HP: 23/44 MP: 7/7
  3634 | D:4      | Noticed a rust devil
  3822 | D:4      | Found a staircase to the Ecumenical Temple.
  3857 | Temple   | Entered the Ecumenical Temple
  4307 | D:4      | Noticed an angel
  4385 | D:4      | Reached skill level 3 in Dodging
  4506 | D:5      | Entered Level 5 of the Dungeon
  4704 | D:5      | Reached XP level 8. HP: 42/50 MP: 8/8
  4744 | D:5      | Found a glowing silver altar of Zin.
  4746 | D:5      | Found a shadowy altar of Dithmenos.
  4991 | D:5      | Noticed Edmund
  5030 | D:5      | Killed Edmund
  5036 | D:5      | Reached skill level 6 in Armour
  5149 | D:5      | Found a sacrificial altar of Ru.
  5153 | D:5      | Found a white marble altar of Elyvilon.
  5187 | D:5      | Reached skill level 5 in Maces & Flails
  5264 | D:5      | Reached skill level 6 in Fighting
  5722 | D:6      | Found a stormy altar of Qazlal.
  5746 | D:6      | Killed Prince Ribbit
  5802 | D:6      | Found a blossoming altar of Fedhas.
  5877 | D:6      | Reached skill level 4 in Dodging
  5962 | D:6      | Reached XP level 9. HP: 20/56 MP: 9/9
  6164 | D:6      | Found an iron altar of Okawaru.
  6217 | D:6      | Became a worshipper of Warmaster Okawaru
  6246 | D:6      | Reached skill level 7 in Armour
  6930 | D:6      | HP: 9/56 [something (11)]
  7219 | D:6      | HP: 13/56 [something (9)]
  7220 | D:6      | HP: 2/56 [something (11)]
  7221 | D:6      | Engulfed by a cloud of freezing vapour

Vault maps used:
D:1:      lightli_iron_boxes, minmay_vboxes
D:2:      minmay_quantized, uniq_jessica, uniq_natasha, uniq_crazy_yiuf_cottage
D:3:      first_bread, nicolae_dithmenos_through_a_glass_darkly, uniq_robin
D:4:      temple_garden, minmay_misc_feat_x, uniq_grinder
D:5:      nicolae_overflow_hidden_temple, uniq_edmund
D:6:      lemuel_ice_spiral_2, grunt_qazlal_clouds, fedhas_altar_1,
          nicolae_overflow_crystal_walls, lemuel_flamethrower_2,
          uniq_prince_ribbit1
Temple:   temple_island_7

Action                   |  1- 3 |  4- 6 |  7- 9 || total
-------------------------+-------+-------+-------++-------
Melee: Flail             |   104 |    25 |   154 ||   283
       Hammer            |       |   208 |    14 ||   222
       Whip              |       |       |   170 ||   170
  Use: Potion            |     1 |     6 |     1 ||     8
  Eat: Chunk             |       |     3 |       ||     3
       Bread ration      |       |     2 |     2 ||     4
       Pizza             |       |       |     1 ||     1
       Beef jerky        |       |       |     2 ||     2

Vault maps used:
D:1:      lightli_iron_boxes, minmay_vboxes
D:2:      minmay_quantized, uniq_jessica, uniq_natasha, uniq_crazy_yiuf_cottage
D:3:      first_bread, nicolae_dithmenos_through_a_glass_darkly, uniq_robin
D:4:      temple_garden, minmay_misc_feat_x, uniq_grinder
D:5:      nicolae_overflow_hidden_temple, uniq_edmund
D:6:      lemuel_ice_spiral_2, grunt_qazlal_clouds, fedhas_altar_1,
          nicolae_overflow_crystal_walls, lemuel_flamethrower_2,
          uniq_prince_ribbit1
Temple:   temple_island_7

Table legend:
 A = Turns spent in this place as a percentage of turns spent in the entire game.
 B = Non-inter-level travel turns spent in this place as a percentage of non-inter-level travel turns spent in the entire game.
 C = Inter-level travel turns spent in this place as a percentage of turns spent in this place.
 D = Turns resting spent in this place as a percentage of non-inter-level travel turns spent in this place.
 E = Turns spent auto-exploring this place as a percentage of non-inter-level travel turns spent in this place.
 F = Non-inter-level travel turns spent in this place divided by the number of levels of this place that you've seen.
                   A       B       C       D       E      F
               +-------+-------+-------+-------+-------+----------------------
         Total | 100.0 | 100.0 |   0.7 |   1.5 |   9.3 | 272.0
       Dungeon |  99.3 |  99.3 |   0.6 |   1.5 |   9.0 | 315.2
        Temple |   0.7 |   0.7 |   7.1 |   0.0 |  46.2 |  13.0
               +-------+-------+-------+-------+-------+----------------------

Table legend:
 A = Kills in this place as a percentage of kills in entire the game.
 B = Kills by you in this place as a percentage of kills by you in the entire game.
 C = Kills by friends in this place as a percentage of kills by friends in the entire game.
 D = Other kills in this place as a percentage of other kills in the entire game.
 E = Experience gained in this place as a percentage of experience gained in the entire game.
 F = Experience gained in this place divided by the number of levels of this place that you have seen.
                   A       B       C       D       E      F
               +-------+-------+-------+-------+-------+----------------------
         Total | 100.0 | 100.0 |  -nan |  -nan | 100.0 | 378.7
       Dungeon | 100.0 | 100.0 |  -nan |  -nan | 100.0 | 441.8
               +-------+-------+-------+-------+-------+----------------------
